 Dungeon Crawl Stone Soup version 0.18.1-48-g4cf74bf (webtiles) character file.

49 Joat the Gusty (level 3, 5/28 HPs)
             Began as a Demonspawn Wanderer on Sept 2, 2016.
             Quit the game on level 2 of the Dungeon.
             The game lasted 00:10:40 (1145 turns).

Joat the Gusty (Demonspawn Wanderer)                Turns: 1145, Time: 00:10:41

Health: 5/28       AC:  4    Str: 11    XL:     3   Next: 53%
Magic:  5/5        EV: 11    Int: 14    God:
Gold:   47         SH:  0    Dex: 13    Spells: 0 memorised, 5 levels left

rFire  . . .     SeeInvis .     o - +0 spear
rCold  . . .     Gourm    .     e - +1 robe
rNeg   . . .     Faith    .     (no shield)
rPois  .         Spirit   .     (helmet restricted)
rElec  .         Dismiss  .     n - +0 cloak
rCorr  .         Reflect  .     (no gloves)
SustAt .         Harm     .     (no boots)
MR     .....                    (no amulet)
Stlth  +.........               (no ring)
                                (no ring)

@: lethally poisoned (5 -> -6), not resistant to hostile enchantments, very
unstealthy
A: antennae 1, talons 1
a: no special abilities


You were on level 2 of the Dungeon.
You were hungry.

You visited 1 branch of the dungeon, and saw 2 of its levels.

You collected 47 gold pieces.

Inventory:

Hand Weapons
 d - a +0 blowgun
 j - a +0 dagger
 o - a +0 spear (weapon)
Missiles
 g - 69 stones (quivered)
Armour
 e - a +1 robe (worn)
 n - a +0 cloak (worn)
Scrolls
 i - 4 scrolls of identify {unknown}
 k - a scroll of immolation {unknown}
 m - a scroll of remove curse {unknown}
Books
 a - a book of Air

   Spells                             Type                      Level
   a - Shock                          Conjuration/Air              1
   b - Swiftness                      Charms/Air                   2
   c - Repel Missiles                 Charms/Air                   2
   d - Static Discharge               Conjuration/Air              3
   e - Lightning Bolt                 Conjuration/Air              5
 b - the Tome of Contamination

   Spells                             Type                      Level
   a - Sting                          Conjuration/Poison           1
   b - Spider Form                    Transmutation/Poison         3
Comestibles
 f - a bread ration
 l - 5 fruits


   Skills:
 + Level 2.4 Fighting
   Level 1.7 Maces & Flails
 - Level 1.0 Throwing
 - Level 1.0 Armour
 + Level 1.0 Dodging
 + Level 1.5 Spellcasting
   Level 1.0 Fire Magic
   Level 2.6 Air Magic
   Level 1.0 Evocations


You had 5 spell levels left.
You didn't know any spells.

Dungeon Overview and Level Annotations

Branches:
Dungeon (2/15)

Altars:


Innate Abilities, Weirdness & Mutations

You have a pair of small antennae on your head.
You have sharp toenails.


Message History

You are more poisoned.
The adder poisons you! The adder bites you.
You are lethally poisoned!
The adder poisons you!
You closely miss the adder.
The adder is severely wounded.
You feel sick. The adder barely misses you.
You barely miss the adder. Your kick misses the adder.
The adder is severely wounded.
You feel sick. The adder bites you.
* * * LOW HITPOINT WARNING * * *
The adder misses you.
You are too injured to fight recklessly!
You are too injured to fight recklessly!
You hit the adder.
You kill the adder!
* * * LOW HITPOINT WARNING * * *
You feel sick.
You aren't carrying any potions.
Are you sure you want to abandon this character and quit the game? (Confirm with "yes".)

######### #.......#
#.#####.# #.# #.#
## #.# #.# .# #.#
#.#
.#######'#####.#
.............#.####
######.......#..@.#
##.......####†#
#........# #(#
#.......## #.(.#
#.......# #...h.#
#.......# #.###(#
#.......# ..# ..
#.......# ### ##
#.......#


There were no monsters in sight!

Vanquished Creatures
  2 adders (D:2)
  A worm (D:1)
  A giant gecko (D:1)
  A giant cockroach (D:1)
  6 hobgoblins
  3 jackals (D:2)
  5 kobolds (D:1)
  2 bats (D:1)
  2 giant newts (D:1)
  A goblin (D:1)
  5 rats
29 creatures vanquished.

Notes
Turn   | Place    | Note
--------------------------------------------------------------
     0 | D:1      | Joat the Demonspawn Wanderer began the quest for the Orb.
     0 | D:1      | Joat set off with: a book of Air, the Tome of Contamination, 11 poisoned needles, a +0 blowgun, a +0 robe, a bread ration
     0 | D:1      | Reached XP level 1. HP: 13/13 MP: 2/2
     0 | D:1      | Identified the Tome of Contamination
    30 | D:1      | Reached skill level 1 in Fighting
   246 | D:1      | Gained mutation: You have a pair of small antennae on your head. [demonic ancestry]
   246 | D:1      | Reached XP level 2. HP: 21/21 MP: 3/3
   875 | D:2      | Gained mutation: You have sharp toenails. [demonic ancestry]
   875 | D:2      | Reached XP level 3. HP: 15/27 MP: 3/5
   881 | D:2      | Reached skill level 1 in Dodging
  1145 | D:2      | Quit the game

Skill      XL: |  1  2  3 |
---------------+----------+-----
Fighting       | 1 2 |  2.4
Dodging        | 1 |  1.0
Maces & Flails | |  1.7
Throwing       | |  1.0
Armour         | |  1.0
Spellcasting   | |  1.5
Fire Magic     | |  1.0
Air Magic      | |  2.6
Evocations     | |  1.0

Action                   || total
-------------------------++-------
Melee: Unarmed           ||     6
       Dagger            ||    35
       Spear             ||    32
       Kick              ||     6
 Fire: Blowgun           ||    50
Throw: Stone             ||     4
  Use: Scroll            ||     1
 Stab: Sleeping          ||     1
Armor: Robe              ||    24
Dodge: Dodged            ||    70
